Map: Deathaura LE

Players

soul

  • Race: Terran Terran
  • League: Master
  • Spawn Location: 11:00

Neeblet (Neeb) - Winner!

  • Race: Protoss Protoss
  • Spawn Location: 5:00

Event: StayAtHomestory Cup #2

VOD

Have the link to the VOD?

Description

Time

  • Played on: June 11, 2020, 6:06 p.m.
  • Length: 9:22

All games in this series

Show
View Real Time Build Order
Export as new Build Order

soul Terran 

Build Orders:  

Get SALT Encoding   

  12  0:00  SCV  
  13  0:12  SCV  
  14  0:16  Supply Depot  
  14  0:25  SCV  
  15  0:38  SCV  
  15  0:39  Barracks  
  16  0:43  Refinery  
  16  0:50  SCV  
  17  1:02  SCV  
  18  1:14  SCV  
  19  1:26  Marine, Orbital Command  
  20  1:44  Reaper  
  21  1:50  Command Center  
  21  1:53  SCV  
  22  1:58  Supply Depot  
  22  2:03  Bunker  
  22  2:06  SCV  
  23  2:15  Factory  
  23  2:19  SCV  
  24  2:23  Barracks Reactor  
  24  2:27  Refinery  
  24  2:31  SCV  
  25  2:46  SCV  
  26  3:00  Starport, Marine x2, Widow Mine  
  26  3:02  Orbital Command  
  30  3:06  SCV  
  31  3:18  SCV, Marine x2  
  34  3:22  Widow Mine  
  36  3:27  SCV  
  36  3:30  SCV  
  38  3:36  Marine x2  
  38  3:39  Medivac  
  38  3:40  SCV  
  43  3:43  SCV  
  43  3:46  Supply Depot  
  43  3:47  Factory Tech Lab, Supply Depot  
  44  3:52  SCV  
  44  3:55  SCV  
  46  4:02  Armory  
  46  4:04  Supply Depot  
  46  4:07  Marine x2  
  46  4:08  SCV x2  
  46  4:09  Siege Tank  
  53  4:20  SCV x2  
  54  4:27  Supply Depot  
  54  4:32  SCV x2  
  54  4:38  Command Center  
  56  4:39  Starport Tech Lab  
  56  4:41  Engineering Bay  
  56  4:42  Marine  
  56  4:44  SCV  
  55  4:48  SCV  
  52  4:56  SCV  
  51  5:00  SCV  
  51  5:06  Refinery  
  51  5:07  Refinery  
  52  5:13  Missile Turret  
  52  5:14  SCV x2, Marine  
  52  5:25  Drilling Claws  
  52  5:26  SCV x2  
  54  5:38  SCV x2  
  54  5:40  Siege Tank  
  54  5:41  Bunker  
  59  5:48  Missile Turret  
  59  5:50  SCV x2  
  59  5:51  Marine  
  59  5:54  Marine  
  57  6:00  Orbital Command  
  57  6:02  SCV  
  54  6:05  SCV  
  54  6:09  Marine  
  52  6:11  Marine  
  52  6:14  SCV  
  54  6:19  Widow Mine  
  54  6:20  Medivac  
  54  6:22  SCV  
  59  6:26  SCV  
  59  6:27  Marine  
  59  6:31  Barracks  
  61  6:33  SCV  
  61  6:34  SCV  
  63  6:40  Barracks  
  63  6:41  Terran Infantry Weapons Level 1  
  63  6:43  Widow Mine  
  63  6:44  SCV  
  63  6:45  SCV  
  67  6:48  Marine  
  67  6:50  SCV  
  69  6:56  SCV  
  69  6:58  SCV  
  70  7:04  Medivac  
  70  7:05  Barracks  
  70  7:07  Barracks  
  71  7:10  SCV x2  
  71  7:12  SCV, Engineering Bay  
  74  7:17  Stimpack  
  74  7:20  Barracks Reactor  
  74  7:21  Widow Mine x2  
  74  7:22  SCV  
  79  7:24  SCV, Orbital Command  
  80  7:30  Barracks Tech Lab  
  80  7:35  Marauder  
  80  7:36  SCV  
  83  7:41  Starport Reactor  
  83  7:42  Widow Mine x2  
  83  7:43  SCV  
  86  7:48  SCV  
  86  7:49  Marauder, Combat Shield  
  89  7:55  SCV x2  
  89  7:56  Marine  
  92  7:58  Missile Turret  
  92  8:00  SCV  
  92  8:01  Bunker  
  92  8:05  Barracks Tech Lab, Barracks Reactor  
  93  8:13  SCV x3  
  93  8:14  Marauder  
  93  8:15  Supply Depot x2, Marauder  
  93  8:16  Marine, Supply Depot  
  101  8:35  Marine  
  101  8:36  SCV x3, Marine, Medivac x2  
  101  8:37  Widow Mine, Marauder x3  
  117  8:44  Supply Depot  
  117  8:46  Supply Depot  
  117  8:49  SCV x3, Marine  
  117  8:51  Widow Mine  
  117  8:53  Marine  
  109  8:58  Marauder x2  
  109  8:59  Marine  
  109  9:00  Marine, Marauder  
  109  9:01  SCV x2  
  104  9:05  SCV  
Show
View Real Time Build Order
Export as new Build Order

Neeblet Protoss - Winner!

Build Orders: 1 Gate Expand, Dark Templar Rush 

Get SALT Encoding   

  12  0:00  Probe  
  13  0:13  Probe  
  14  0:18  Pylon  
  14  0:24  Probe  
  15  0:32  Probe  
  15  0:37  Gateway  
  15  0:40  Probe  
  16  0:46  Assimilator  
  17  0:51  Probe  
  18  1:03  Probe  
  19  1:15  Probe  
  20  1:21  Nexus  
  20  1:31  Cybernetics Core  
  20  1:34  Probe  
  21  1:41  Assimilator  
  21  1:44  Probe  
  22  1:50  Pylon  
  22  1:52  Probe  
  21  2:00  Probe  
  22  2:08  Probe, Warp Gate  
  24  2:16  Probe  
  24  2:18  Twilight Council  
  24  2:21  Adept  
  27  2:27  Probe  
  27  2:29  Probe  
  29  2:37  Probe  
  29  2:39  Probe  
  31  2:47  Probe  
  31  2:51  Probe, Stalker  
  35  2:59  Probe  
  35  3:00  Dark Shrine  
  35  3:03  Probe  
  37  3:07  Probe, Pylon  
  38  3:15  Probe x2  
  40  3:22  Stalker  
  40  3:26  Gateway  
  42  3:27  Probe  
  42  3:30  Probe  
  44  3:38  Gateway  
  44  3:41  Robotics Facility  
  44  3:43  Probe  
  44  3:44  Probe  
  44  3:46  Assimilator  
  46  3:51  Assimilator  
  46  3:55  Probe  
  47  3:56  Probe  
  47  4:01  Pylon  
  47  4:07  Probe  
  47  4:08  Probe  
  49  4:13  Dark Templar  
  51  4:19  Probe  
  51  4:20  Probe  
  51  4:21  Dark Templar  
  55  4:29  Pylon  
  55  4:30  Warp Prism  
  55  4:31  Probe  
  55  4:32  Probe  
  59  4:39  Pylon  
  59  4:41  Forge  
  59  4:43  Probe  
  59  4:44  Probe  
  61  4:50  Stalker  
  61  4:54  Pylon  
  61  4:55  Probe  
  61  4:56  Probe  
  61  4:59  Observer  
  59  5:08  Probe x2  
  59  5:13  Dark Templar x2  
  65  5:24  Nexus  
  65  5:27  Protoss Ground Armor Level 1  
  65  5:28  Observer  
  63  5:32  Robotics Bay  
  63  5:33  Probe x2  
  61  5:40  Stalker  
  63  5:45  Probe x2  
  66  5:57  Probe x2  
  67  6:09  Probe x2  
  67  6:10  Colossus  
  69  6:21  Probe  
  69  6:22  Probe  
  77  6:27  Stalker x2  
  77  6:29  Gateway  
  77  6:32  Gateway  
  81  6:33  Probe  
  81  6:34  Gateway  
  81  6:35  Sentry  
  81  6:37  Probe  
  81  6:38  Probe  
  86  6:46  Photon Cannon  
  87  6:47  Probe  
  87  6:49  Probe, Pylon  
  88  6:56  Colossus  
  88  7:01  Charge  
  88  7:03  Extended Thermal Lance  
  88  7:08  Gateway  
  92  7:09  Gateway  
  92  7:12  Protoss Ground Weapons Level 1  
  92  7:13  Photon Cannon  
  92  7:15  Photon Cannon  
  92  7:16  Pylon  
  92  7:27  Sentry x2, Stalker  
  98  7:31  Zealot x3  
  98  7:36  Probe x3  
  99  7:48  Probe x3  
  108  8:00  Probe  
  109  8:06  Zealot x4  
  109  8:08  Zealot x3  
  109  8:11  Pylon x2  
  117  8:28  Probe x3  
  117  8:30  Stalker x2  
  117  8:31  Stalker  
  120  8:34  Zealot  
  120  8:35  Zealot x4  
  120  8:40  Probe x2  
  132  8:45  Observer  
  124  8:58  Zealot  
  124  8:59  Zealot x4  
  124  9:00  Zealot  
  124  9:01  Zealot  
  130  9:04  Pylon  
  130  9:05  Pylon, Zealot  
  130  9:08  Pylon  
  130  9:09  Probe x2  
  120  9:11  Assimilator  
  120  9:12  Assimilator  
Tags
 
Add a new tag
Caveats
  • Supply blocks, unpowered buildings, or Contaminate may cause inaccurate times.
  • Supply counts are checked every 10 seconds.